 Dungeon Crawl Stone Soup version 0.17-a0-1632-g0af21bd (webtiles) character file.

8049 Goblin1989 the Grappler (level 11, -4/63 HPs)
             Began as a Vine Stalker Berserker on July 28, 2015.
             Was a High Priest of Trog.
             Slain by a komodo dragon (8 damage)
             ... on level 1 of the Lair of Beasts on Aug 4, 2015.
             The game lasted 00:43:00 (7731 turns).

Goblin1989 the Grappler (Vine Stalker Berserker)    Turns: 7731, Time: 00:43:00

Health: -4/63      AC: 15    Str: 29    XL:     11   Next: 24%
Magic:  0/12       EV:  8    Int:  7    God:    Trog [*****.]
Gold:   503        SH:  0    Dex: 13    Spells: 0 memorised, 10 levels left

rFire  . . .     SeeInvis .       - Unarmed
rCold  . . .     Clarity  .     q - +0 plate armour (curse)
rNeg   + . .     SustAt   .     (no shield)
rPois  +         Gourm    .     E - +1 helmet
rElec  .         Spirit   +     (no cloak)
rCorr  .         Warding  +     (no gloves)
rMut   .         Stasis   .     (no boots)
MR     +....                    N - amulet of warding
Stlth  ..........               K - +5 ring of strength
                                d - ring of poison resistance

@: somewhat resistant to hostile enchantments, extremely unstealthy
A: fangs 3, regeneration 2, magic shield, antimagic bite, no device heal 3, rot
immunity
a: Burn Spellbooks, Berserk, Trog's Hand, Brothers in Arms, Renounce Religion


You were on level 1 of the Lair of Beasts.
You worshipped Trog.
Trog was extremely pleased with you.
You were very hungry.

You visited 2 branches of the dungeon, and saw 11 of its levels.

You collected 629 gold pieces.
You spent 126 gold pieces at shops.

Inventory:

Hand weapons
 L - a +1 arbalest of flaming
Missiles
 s - 40 bolts (quivered)
 O - 16 bolts of frost
Armour
 q - a cursed +0 plate armour (worn)
 E - a +1 helmet (worn)
Jewellery
 d - a ring of poison resistance (left hand)
 K - a +5 ring of strength (right hand)
 N - an amulet of warding (around neck)
Magical devices
 n - a wand of flame (30)
 u - a wand of cold (10)
 x - a wand of invisibility (1)
 M - a wand of confusion (22)
Scrolls
 a - 2 scrolls of magic mapping {unknown}
 c - 6 scrolls of identify
 g - 4 scrolls of enchant weapon
 h - a scroll of holy word {unknown}
 j - 10 scrolls of remove curse
 k - 2 scrolls of noise {unknown}
 l - a scroll of enchant armour {unknown}
 m - 5 scrolls of teleportation
 p - 2 scrolls of fear
 v - 4 scrolls of blinking {unknown}
 y - a scroll of fog {unknown}
 F - a scroll of random uselessness {unknown}
 H - a scroll of torment {unknown}
Potions
 e - a potion of lignification {unknown}
 f - 3 potions of haste
 i - a potion of degeneration {unknown}
 o - a potion of agility {unknown}
 r - 2 potions of curing
 z - a potion of heal wounds {unknown}
 C - a potion of poison {unknown}
 G - a potion of invisibility
 I - 2 potions of berserk rage {unknown}
Books
 t - a book of Alchemy

   Spells                             Type                      Level
   a - Sublimation of Blood           Necromancy                   2
   b - Ignite Poison                  Fire/Transmutation/Poison    3
   c - Alistair's Intoxication        Transmutation/Poison         4
   d - Condensation Shield            Ice                          4
   e - Petrify                        Transmutation/Earth          4
   f - Irradiate                      Conjuration/Transmutation    5
   Trog disapproves of the use of such an item.
 w - a book of Alchemy

   Spells                             Type                      Level
   a - Sublimation of Blood           Necromancy                   2
   b - Ignite Poison                  Fire/Transmutation/Poison    3
   c - Alistair's Intoxication        Transmutation/Poison         4
   d - Condensation Shield            Ice                          4
   e - Petrify                        Transmutation/Earth          4
   f - Irradiate                      Conjuration/Transmutation    5
   Trog disapproves of the use of such an item.
 D - a book of Maledictions

   Spells                             Type                      Level
   a - Corona                         Hexes                        1
   b - Ensorcelled Hibernation        Hexes/Ice                    2
   c - Confuse                        Hexes                        3
   d - Tukima's Dance                 Hexes                        3
   e - Dazzling Spray                 Conjuration/Hexes            3
   Trog disapproves of the use of such an item.
Comestibles
 b - 9 bread rations
 A - 4 meat rations


   Skills:
 * Level 10.1 Fighting
 + Level 3.6 Crossbows
 * Level 6.7 Armour
 - Level 1.5 Dodging
 - Level 10.6 Unarmed Combat


You had 10 spell levels left.
You didn't know any spells.

Dungeon Overview and Level Annotations

Branches:
Dungeon (10/15)            Temple (0/1) D:5            Lair (1/8) D:10
    Orc (0/4) D:9

Altars:
Kikubaaqudgha
Okawaru
Yredelemnul
The Shining One

Shops:
D:4 ?   D:5 ?   D:10 (


Innate Abilities, Weirdness & Mutations

You have razor-sharp teeth.
You heal very quickly.
When hurt, damage is shared between your health and your magic reserves.
Your bite disrupts and absorbs the magic of your enemies.
Potions and wands cannot restore your health.
You are immune to rotting.


Message History

A komodo dragon is nearby!
A komodo dragon is nearby!
A komodo dragon is nearby!
A komodo dragon is nearby!
The komodo dragon bites you!!
The komodo dragon bites you but does no damage.
The komodo dragon closely misses you. The komodo dragon barely misses you.
The komodo dragon bites you! The komodo dragon barely misses you.
The komodo dragon barely misses you. The komodo dragon bites you!
The komodo dragon bites you!!
* * * LOW HITPOINT WARNING * * *
You are feeling very hungry.
The komodo dragon closely misses you. The komodo dragon closely misses you.
The komodo dragon hisses menacingly.
The komodo dragon bites you!
You die...

#.##P+## ####.+#
##......# #......
#.+.##.# #...... #.....#
#...... ####.....#
+...... #P.'.....##
#...... ###.#.....P#
#.....l###...#......####
#......@...###.....+....
#......+.### #.....###..
#......### #.....# ###
#...[.. #......# #.
###+.#. ##...... ## .P##
####.### .. .. # # #..
##.# ...+


You could see a komodo dragon.

Vanquished Creatures
  The ghost of Duffy the Severer, a powerful HOGl of Zin (Lair:1)
  The ghost of urechis the Destroyer, a powerful GrWz of Vehumet (Lair:1)
  Pikel (D:5)
  A two-headed ogre (D:6)
  A spriggan (D:8)
  A hippogriff (Lair:1)
  A wyvern (D:10)
  9 yaks (D:10)
  Eustachio (D:5)
  A phantom (D:8)
  Duvessa (D:6)
  A centaur (D:6)
  An ice beast (D:10)
  A slave (D:5)
  4 orc warriors
  2 black bears (D:10)
  A necrophage (D:6)
  5 ogres
  3 big kobolds
  4 giant frogs
  Dowan (D:6)
  4 wights (D:7)
  5 killer bees (D:8)
  4 scorpions
  4 crimson imps
  A giant frog zombie (D:10)
  A centaur zombie (D:5)
  A jelly (D:8)
  6 iguanas
  5 hounds
  3 orc priests
  A giant frog skeleton (D:4)
  Jessica (D:3)
  A centaur skeleton (D:6)
  A quasit (D:7)
  8 worker ants
  9 orc wizards
  A hound zombie (D:10)
  2 hound skeletons
  2 worker ant zombies
  9 adders
  3 gnolls (D:9)
  3 shadow imps
  An ooze (D:3)
  A worm (D:2)
  7 giant geckos
  52 orcs
  2 giant cockroaches (D:3)
  14 goblins
  11 hobgoblins
  8 jackals
  22 kobolds
  4 quokkas
  4 ball pythons
  A ball python skeleton (D:4)
  13 bats
  A giant gecko zombie (D:8)
  4 giant newts
  12 rats
274 creatures vanquished.

Vanquished Creatures (others)
  Blork the orc (D:5)
  An adder (D:5)
  A bat (D:5)
  A hobgoblin (D:5)
  A goblin (D:5)
  A plant (Lair:1)
6 creatures vanquished.

Grand Total: 280 creatures vanquished

Notes
Turn   | Place    | Note
--------------------------------------------------------------
     0 | D:1      | Goblin1989 the Vine Stalker Berserker began the quest for the Orb.
     0 | D:1      | Reached XP level 1. HP: 11/11 MP: 2/2
   109 | D:1      | Found a glowing golden altar of the Shining One.
   173 | D:1      | Reached XP level 2. HP: 13/16 MP: 1/3
   392 | D:1      | Reached skill level 4 in Unarmed Combat
   401 | D:1      | Reached XP level 3. HP: 16/19 MP: 2/4
   405 | D:1      | Acquired Trog's second power
  1115 | D:2      | Reached XP level 4. HP: 20/23 MP: 5/5
  1640 | D:3      | Reached skill level 5 in Unarmed Combat
  1678 | D:3      | Noticed Jessica
  1694 | D:3      | Killed Jessica
  1694 | D:3      | Reached XP level 5. HP: 27/27 MP: 6/6
  2178 | D:4      | Gained mutation: You heal very quickly. [Vine Stalker growth]
  2178 | D:4      | Reached XP level 6. HP: 21/32 MP: 7/7
  2291 | D:4      | Found Qacvetz's Magic Scroll Shoppe.
  2306 | D:4      | Bought a scroll of identify for 22 gold pieces
  2306 | D:4      | Bought a scroll of teleportation for 33 gold pieces
  2306 | D:4      | Bought a scroll of remove curse for 33 gold pieces
  2306 | D:4      | Bought a scroll of fear for 38 gold pieces
  2406 | D:4      | Found an ancient bone altar of Kikubaaqudgha.
  2407 | D:4      | Found a glowing golden altar of the Shining One.
  2447 | D:4      | Reached skill level 6 in Unarmed Combat
  2542 | D:4      | Noticed an ogre
  2551 | D:4      | Killed an ogre
  2551 | D:4      | Reached XP level 7. HP: 10/35 MP: 5/8
  2725 | D:5      | Entered Level 5 of the Dungeon
  2917 | D:5      | Noticed Pikel
  2982 | D:5      | Killed Pikel
  2982 | D:5      | Reached skill level 8 in Unarmed Combat
  2982 | D:5      | Gained mutation: You have razor-sharp teeth. [Vine Stalker growth]
  2982 | D:5      | Reached XP level 8. HP: 39/39 MP: 9/9
  3015 | D:5      | Killed Blork the orc
  3036 | D:5      | Noticed a rust devil
  3100 | D:5      | Reached skill level 9 in Unarmed Combat
  3177 | D:5      | Found Coxton Igie's Magic Scroll Shoppe.
  3194 | D:5      | Noticed Eustachio
  3239 | D:5      | Killed Eustachio
  3268 | D:5      | Found a staircase to the Ecumenical Temple.
  3285 | D:5      | Noticed an angel
  3343 | D:5      | Acquired Trog's third power
  3345 | D:5      | Reached skill level 10 in Unarmed Combat
  3479 | D:5      | Found a basalt altar of Yredelemnul.
  3659 | D:6      | Noticed Duvessa
  3659 | D:6      | Noticed Dowan
  3677 | D:6      | Killed Duvessa
  3677 | D:6      | Reached XP level 9. HP: 43/43 MP: 10/10
  3687 | D:6      | Killed Dowan
  3715 | D:6      | You fall through a shaft!
  3780 | D:6      | Noticed a two-headed ogre
  3792 | D:6      | Killed a two-headed ogre
  4051 | D:6      | Reached skill level 5 in Fighting
  5721 | D:8      | Reached XP level 10. HP: 54/56 MP: 11/11
  5788 | D:8      | Received a gift from Trog
  6172 | D:9      | Found an iron altar of Okawaru.
  6326 | D:9      | Received a gift from Trog
  6417 | D:9      | Reached skill level 1 in Crossbows
  6420 | D:9      | Found a staircase to the Orcish Mines.
  6930 | D:10     | Entered Level 10 of the Dungeon
  6986 | D:10     | Reached skill level 5 in Armour
  7206 | D:10     | Found Polo's Weapon Emporium.
  7406 | D:10     | Found a staircase to the Lair.
  7519 | D:10     | Reached XP level 11. HP: 48/63 MP: 12/12
  7562 | Lair:1   | Entered Level 1 of the Lair of Beasts
  7562 | Lair:1   | Noticed urechis's ghost (powerful GrWz)
  7571 | Lair:1   | Killed urechis's ghost
  7628 | Lair:1   | Noticed Duffy's ghost (powerful HOGl)
  7654 | Lair:1   | Killed Duffy's ghost
  7654 | Lair:1   | Reached skill level 10 in Fighting
  7693 | Lair:1   | Upgraded the game from 0.17-a0-1583-g2df49ec to 0.17-a0-1632-g0af21bd
  7728 | Lair:1   | HP: 2/63 [komodo dragon (23)]
  7731 | Lair:1   | Slain by a komodo dragon

Vault maps used:
D:1:      dpeg_arrival_three_same_balls, tso_metal_star
D:3:      uniq_jessica
D:4:      gammafunk_temple_overflow_statue, first_bread, serial_shops, shop
D:5:      temple_garden, basic_altar, serial_shops, shop_statue,
          uniq_blork_the_orc, uniq_pikel, uniq_eustachio
D:6:      uniq_duvessa
D:8:      the_bakery
D:9:      kennysheep_little_box, hiddenorc1_lemuel
D:10:     lair_0_dummy, serial_shops, shop_fountains
Lair:1:   uniq_gastronok, uniq_erica

Action                   |  1- 3 |  4- 6 |  7- 9 | 10-12 || total
-------------------------+-------+-------+-------+-------++-------
Melee: Unarmed           |   115 |   158 |   337 |   286 ||   896
Invok: Berserk           |       |       |     2 |     2 ||     4
  Use: Scroll            |       |       |     3 |     1 ||     4
 Stab: Sleeping          |     2 |       |       |       ||     2
  Eat: Chunk             |     1 |     4 |     7 |     5 ||    17
       Bread ration      |       |       |     1 |       ||     1
       Fruit             |       |       |     1 |     4 ||     5
